 Dungeon Crawl Stone Soup version 0.27.0-1-g7a089689b8 (webtiles) character file.

Game seed: 13197968487263141381

689 mhtbhm the Poker (level 7, -3/90 HPs)
             Began as a Yellow Draconian Berserker on Aug 8, 2021.
             Was a Believer of Trog.
             Slain by a wraith (11 damage)
             ... on level 5 of the Dungeon.
             The game lasted 00:03:04 (4184 turns).

mhtbhm the Poker (Yellow Draconian Berserker)       Turns: 4184, Time: 00:03:04

Health: -3/90      AC:  6    Str: 22    XL:     7   Next: 36%
Magic:  7/7        EV: 13    Int:  7    God:    Trog [**....]
Gold:   133        SH:  0    Dex: 10    Spells: 6/6 levels left

rFire    . . .     SeeInvis .   a - +0 spear
rCold    . . .     Faith    .   (no shield)
rNeg     . . .     Spirit   .   (armour unavailable)
rPois    .         Reflect  .   (helmet restricted)
rElec    .         Harm     .   (no cloak)
rCorr    +         Rampage  .   (no gloves)
Will     .....                  (no boots)
Stlth    ..........             (no amulet)
HPRegen  0.25/turn              (no ring)
MPRegen  0.10/turn              (no ring)

@: berserking, slowed
A: spit acid, AC +6, unfitting armour, cold-blooded, acid resistance
a: Breathe Acid, Renounce Religion, Berserk, Trog's Hand


You were on level 5 of the Dungeon.
You worshipped Trog.
Trog was pleased with you.
You visited 1 branch of the dungeon, and saw 5 of its levels.

You collected 133 gold pieces.

Inventory:

Hand Weapons
 a - a +0 spear (weapon)
Scrolls
 b - a scroll of fog
 f - 2 scrolls of teleportation
 g - 2 scrolls of immolation
 i - a scroll of enchant weapon
 k - a scroll of noise {unknown}
 l - a scroll of magic mapping {unknown}
Potions
 c - a potion of magic {unknown}
 d - 2 potions of flight {unknown}
 e - a potion of haste {unknown}
 h - a potion of curing {unknown}
 j - a potion of degeneration {unknown}


   Skills:
 + Level 4.7 Fighting
 + Level 6.5 Polearms
 + Level 4.5 Dodging
 + Level 2.0 Stealth


You had 6 spell levels left.
You didn't know any spells.
Your spell library was empty.

Dungeon Overview and Level Annotations

Branches:
Dungeon (5/15)
 Temple: D:4-7

Altars:
The Shining One


Innate Abilities, Weirdness & Mutations

You can spit globs of acid.
Your golden yellow scales are hard. (AC +6)
You cannot fit into any form of body armour.
You are cold-blooded and may be slowed by cold attacks.
You are resistant to acid. (rCorr)


Message History

You are too injured to fight recklessly!
You are too injured to fight recklessly!
You are too injured to fight recklessly!
You are too injured to fight recklessly!
You are too injured to fight recklessly!
You are too injured to fight recklessly!
You are too injured to fight recklessly!
You are too injured to fight recklessly!
A red film seems to cover your vision as you go berserk!
You feel yourself moving faster!
You feel mighty! The wraith hits you!
* * * LOW HITPOINT WARNING * * *
The wraith drains your vigour!
You feel as though you will be slow longer.
The jelly closely misses you. The wraith closely misses you.
The jelly hits you.
* * * LOW HITPOINT WARNING * * *
You are splashed with acid.
You resist.
* * * LOW HITPOINT WARNING * * *
You hit the wraith.
Your tail-slap misses the wraith.
The wraith is moderately damaged.
The wraith hits you but does no damage. The jelly barely misses you.
You barely miss the wraith.
Your tail-slap misses the wraith.
The wraith is moderately damaged.
You closely miss the wraith. You tail-slap the wraith.
The wraith is heavily damaged.
The wraith misses you.
The jelly jiggles.
The jelly hits you.
* * * LOW HITPOINT WARNING * * *
You are splashed with acid.
You resist.
* * * LOW HITPOINT WARNING * * *
You hit the wraith.
The wraith is severely damaged.
The wraith hits you!
* * * LOW HITPOINT WARNING * * *
The jelly hits you but does no damage.
You hit the wraith.
The wraith is severely damaged.
The wraith hits you!
You die...

#.....#......
#.....#......
#....(#......
##.....#......
#########.......+#####
#...........###.......
#.........### #....†..
#..[....### #.......
#...W@### #........
#[..J## #.....)...
#.... #..........
#.... #...........
#.... ............
#.... ....(.......
####. #.


You could see a wraith and a jelly.

Vanquished Creatures
  An ogre (D:3)
  6 scorpions
  A hound (D:5)
  Jessica (D:2)
  An iguana (D:5)
  2 orc wizards (D:3)
  Terence (D:2)
  4 adders (D:4)
  A worm (D:3)
  4 dart slugs
  An orc (D:3)
  3 ball pythons
  10 bats
  5 endoplasms
  A giant cockroach (D:3)
  9 goblins
  6 hobgoblins
  2 quokkas
  2 frilled lizards (D:1)
  3 kobolds
  6 rats
70 creatures vanquished.

Vanquished Creatures (others)
  A fungus (D:4)
1 creature vanquished.

Grand Total: 71 creatures vanquished

Notes
Turn   | Place    | Note
-------+----------+-------------------------------------------
     0 | D:1      | mhtbhm the Draconian Berserker began the quest for the Orb.
     0 | D:1      | Reached XP level 1. HP: 19/19 MP: 1/1
   124 | D:1      | Reached XP level 2. HP: 18/26 MP: 2/2
   336 | D:1      | Reached XP level 3. HP: 33/33 MP: 3/3
   433 | D:1      | Found a faded altar of an unknown god.
  1105 | D:2      | Noticed Jessica
  1113 | D:2      | Killed Jessica
  1624 | D:2      | Noticed Terence
  1639 | D:2      | Killed Terence
  1640 | D:2      | Reached skill level 4 in Polearms
  1640 | D:2      | Reached XP level 4. HP: 16/40 MP: 4/4
  2113 | D:3      | Reached XP level 5. HP: 23/46 MP: 5/5
  2113 | D:3      | Reached ** piety under Trog
  2716 | D:3      | Noticed an ogre
  2726 | D:3      | Killed an ogre
  2727 | D:3      | Reached skill level 5 in Polearms
  2727 | D:3      | Reached skill level 1 in Stealth
  3134 | D:3      | Found a glowing golden altar of the Shining One.
  3255 | D:4      | Reached XP level 6. HP: 53/53 MP: 6/6
  3322 | D:4      | Reached skill level 6 in Polearms
  3740 | D:4      | Your scales start taking on a golden yellow colour.
  3740 | D:4      | Reached XP level 7. HP: 59/60 MP: 7/7
  3740 | D:4      | Gained mutation: You are resistant to acid. (rCorr) [Yellow
                  | Draconian growth]
  4054 | D:5      | Entered Level 5 of the Dungeon
  4157 | D:5      | Noticed a wraith
  4184 | D:5      | Slain by a wraith

Illustrated notes

Levels and vault maps discovered:
D:1:      saegor_arrival_simple_e, layout_basic,
          shapermc_ecumenical_altar_petra, minmay_surrounded
D:2:      layout_basic, minmay_misc_feat_four_crosses, uniq_jessica,
          uniq_terence
D:3:      layout_loops_ring, mainiacjoe_overflow_alcove_2
D:4:      old_forge, layout_loops_cross, mainiacjoe_overflow_catwalk_spiral,
          eat_drink_and_be_merry_uskayaw
D:5:      layout_gridville, abandoned_shop, grunt_ministairs_12, st_stairs_7,
          eino_small_chamber_without_monster, kennysheep_path_1,
          minmay_manual_mandibuliform

Skill      XL: |  1  2  3  4  5  6  7 |
---------------+----------------------+-----
Dodging        | 3 4 |  4.5
Polearms       | 4 5 6 |  6.5
Fighting       | 4 |  4.7
Stealth        | 1 2 |  2.0

Action                   |  1- 3 |  4- 6 |  7- 9 || total
-------------------------+-------+-------+-------++-------
Melee: Spear             |    96 |   152 |    71 ||   319
       Tailslap          |    20 |    13 |     9 ||    42
Invok: Berserk           |     1 |     4 |     2 ||     7
  Use: Scroll            |     3 |     2 |       ||     5
 Stab: Sleeping          |     1 |     1 |     1 ||     3
       Held in net/web   |       |     2 |       ||     2
Armor: Skin              |     9 |    38 |    20 ||    67
Dodge: Dodged            |    34 |    94 |    37 ||   165
